 Dungeon Crawl Stone Soup version 0.20-a0-504-g2c65edc (webtiles) character file.

11722 Kaname the Destroyer (level 11, 0/118 HPs)
             Began as a Demonspawn Venom Mage on Jan 21, 2017.
             Was an Elder of Vehumet.
             Slain by a wraith (8 damage)
             ... led by a death knight
             ... on level 11 of the Dungeon.
             The game lasted 01:15:49 (17594 turns).

Kaname the Destroyer (Demonspawn Venom Mage)       Turns: 17594, Time: 01:15:49

Health: 0/118      AC:  4    Str: 14    XL:     11   Next: 53%
Magic:  26/26      EV: 14    Int: 20    God:    Vehumet [****..]
Gold:   479        SH:  0    Dex: 13    Spells: 0/18 levels left

rFire    . . .     SeeInvis .   G - +1 whip (elec)
rCold    + . .     Gourm    +   C - +0 robe {Archmagi}
rNeg     + . .     Faith    .   (no shield)
rPois    .         Spirit   .   B - +0 helmet (curse)
rElec    .         Reflect  .   x - +0 cloak
rCorr    .         Harm     .   (no gloves)
MR       .....                  (no boots)
Stlth    ..........             d - amulet of the gourmand
Regen    0.3/turn               E - ring of magical power
                                p - ring of positive energy

@: berserking, slowed
A: claws 2, cold resistance 1, demonic guardian 2
a: Renounce Religion


You were on level 11 of the Dungeon.
You worshipped Vehumet.
Vehumet was greatly pleased with you.
You were very full.

You visited 2 branches of the dungeon, and saw 12 of its levels.

You collected 731 gold pieces.
You spent 252 gold pieces at shops.

Inventory:

Hand Weapons
 y - a +0 short sword
 G - a +1 whip of electrocution (weapon)
 K - a cursed +2 battleaxe of freezing
Missiles
 s - 3 javelins (quivered)
Armour
 b - a +2 shield of reflection
 x - a +0 cloak (worn)
 B - a cursed +0 helmet (worn)
 C - a +0 robe of the Archmagi (worn)
 D - the +7 plate armour of Listlessness {rC+ Slay+2}
   (You found it on level 5 of the Dungeon)

   It affects your accuracy and damage with ranged weapons and melee attacks
   (+2).
   It protects you from cold.
 N - a +3 plate armour
Jewellery
 d - an amulet of the gourmand (around neck)
 k - an uncursed ring of ice
 p - a ring of positive energy (left claw)
 E - a ring of magical power (right claw)
Wands
 v - a wand of iceblast (1/15)
Scrolls
 a - 2 scrolls of enchant weapon
 f - 6 scrolls of remove curse
 g - a scroll of fog
 i - 3 scrolls of enchant armour
 l - 5 scrolls of teleportation
 m - 3 scrolls of brand weapon
 n - 2 scrolls of fear
 r - a scroll of blinking
 t - a scroll of amnesia
 w - 4 scrolls of magic mapping
 I - 3 scrolls of recharging
 L - a scroll of vulnerability {unknown}
Potions
 e - 4 potions of flight
 h - 6 potions of curing
 u - a potion of cure mutation {unknown}
 A - a potion of haste
 F - a potion of cancellation {unknown}
 H - a potion of degeneration {unknown}
Books
 J - a book of Callings

   Spells                             Type                      Level
   a - Summon Small Mammal            Summoning                    1
   b - Call Imp                       Summoning                    2
   c - Call Canine Familiar           Summoning                    3
   d - Summon Guardian Golem          Hexes/Summoning              3
   e - Summon Lightning Spire         Summoning/Air                4
   f - Summon Ice Beast               Ice/Summoning                4
Comestibles
 c - 4 bread rations
 j - 5 royal jellies
 o - 5 meat rations
 z - 19 fruits
 M - 4 chunks of flesh


   Skills:
 - Level 5.1 Fighting
 - Level 5.1 Dodging
 - Level 2.5 Stealth
 - Level 5.0 Shields
 - Level 4.3 Spellcasting
 - Level 10.2 Conjurations
 + Level 5.1 Fire Magic
 - Level 2.1 Air Magic
 - Level 10.0 Poison Magic


You couldn't memorise any spells.
You knew the following spells:

 Your Spells              Type           Power        Failure   Level  Hunger
a - Dazzling Spray        Conj/Hex       #####.       1%          3    ###....
b - Venom Bolt            Conj/Pois      ######....   2%          5    ######.
c - Mephitic Cloud        Conj/Pois/Air  ######..     1%          3    ###....
d - Olgreb's Toxic Radia  Pois           ######..     1%          4    ####...
e - Ignite Poison         Fire/Tmut/Pois #####...     1%          3    ###....


Dungeon Overview and Level Annotations

Branches:
Dungeon (11/15)            Temple (1/1) D:5            Lair (0/6) D:8
    Orc (0/2) D:9

Altars:
Dithmenos
Gozag
Nemelex Xobeh
Okawaru
Qazlal
Ru
Sif Muna
Vehumet
Yredelemnul
Zin
The Shining One

Shops:
D:4 ?   D:6 [


Innate Abilities, Weirdness & Mutations

You have very sharp fingernails.
Your flesh is cold resistant. (rC+)
A demonic guardian rushes to your aid.


Message History

The wraith hits you.
* * * LOW HITPOINT WARNING * * *
The wraith drains your vigour!
You feel as though you will be slow longer.
You closely miss the wraith.
The wraith is almost destroyed.
The wraith hits you.
* * * LOW HITPOINT WARNING * * *
The wraith drains your vigour!
You feel as though you will be slow longer.
The wraith hits you!
* * * LOW HITPOINT WARNING * * *
You feel better. The wraith hits you!
* * * LOW HITPOINT WARNING * * *
The wraith drains your vigour!
You feel as though you will be slow longer.
A red film seems to cover your vision as you go berserk!
You feel yourself moving faster!
You feel mighty! The wraith barely misses you. The wraith hits you!
You die...

###############################
#..÷..÷(.(((.W@.........<......
#..############################
#..# #..# #..# #..# #.z#
###W.############################
.................................


You could see a wraith.

Vanquished Creatures
  A hydra (D:8)
  A two-headed ogre (D:8)
  An unseen horror (D:10)
  Pikel (D:6)
  Maurice (D:9)
  A komodo dragon (D:11)
  2 dream sheep (D:8)
  2 hippogriffs
  4 yaks
  A warg (D:9)
  Menkaure (D:6)
  Duvessa (D:6)
  A water moccasin (D:10)
  7 orc warriors
  3 slaves (D:6)
  An ice beast (D:9)
  10 ogres
  A centaur (D:5)
  A necrophage (D:9)
  A phantom (D:10)
  4 big kobolds
  9 bullfrogs
  Dowan (D:6)
  2 scorpions
  A killer bee (D:7)
  15 wights
  A howler monkey (D:10)
  A bullfrog zombie (D:9)
  2 quasits
  3 crimson imps
  5 orc priests
  2 centaur zombies
  7 jellies
  8 orc wizards
  A hound (D:7)
  2 bullfrog skeletons (D:6)
  3 iguanas
  10 worker ants
  2 hound skeletons (D:10)
  2 worker ant zombies
  13 adders
  3 gnolls (D:6)
  An adder skeleton (D:7)
  2 adder zombies
  4 worms
  2 dart slugs
  9 leopard geckos
  28 orcs
  3 giant cockroaches
  4 goblins
  8 hobgoblins
  10 jackals
  12 kobolds
  7 quokkas
  A ball python (D:6)
  4 bats
  2 frilled lizards
  A jackal zombie (D:6)
  2 leopard gecko skeletons
  A quokka skeleton (D:6)
  7 rats
247 creatures vanquished.

Vanquished Creatures (collateral kills)
  3 two-headed ogres
  An ugly thing (D:10)
  A cyclops (D:9)
  The ghost of WhatIsLove the Destroyer, a novice TeCj of Sif Muna (D:8)
  Grinder (D:5)
  A hippogriff (D:7)
  4 yaks
  A hungry ghost (D:8)
  An orc warrior (D:6)
  A black bear (D:8)
  A slave (D:6)
  A centaur (D:7)
  A big kobold (D:8)
  A scorpion (D:4)
  2 killer bees (D:7)
  4 wights
  A howler monkey (D:8)
  A leopard gecko (D:4)
  An orc (D:8)
28 creatures vanquished.

Vanquished Creatures (others)
  3 plants (D:8)
3 creatures vanquished.

Grand Total: 278 creatures vanquished

Notes
Turn   | Place    | Note
-------+----------+-------------------------------------------
     0 | D:1      | Kaname the Demonspawn Venom Mage began the quest for the Orb.
     0 | D:1      | Reached XP level 1. HP: 13/13 MP: 3/3
   315 | D:1      | Gained mutation: Your flesh is cold resistant. (rC+) [demonic ancestry]
   315 | D:1      | Reached XP level 2. HP: 19/19 MP: 3/5
   443 | D:1      | Learned a level 2 spell: Poisonous Vapours
  1153 | D:2      | Reached XP level 3. HP: 23/24 MP: 1/6
  2158 | D:2      | Gained mutation: You have sharp fingernails. [demonic ancestry]
  2158 | D:2      | Reached XP level 4. HP: 30/30 MP: 0/7
  2551 | D:3      | Noticed an ogre
  2583 | D:3      | Killed an ogre
  2583 | D:3      | Reached skill level 5 in Poison Magic
  2583 | D:3      | Reached XP level 5. HP: 5/35 MP: 1/8
  2878 | D:3      | Learned a level 3 spell: Mephitic Cloud
  3223 | D:3      | Noticed an ogre
  3257 | D:3      | Killed an ogre
  3257 | D:3      | Gained mutation: A weak demonic guardian rushes to your aid. [demonic ancestry]
  3257 | D:3      | Reached XP level 6. HP: 10/41 MP: 0/9
  4036 | D:4      | HP: 2/41 [poisoned by a scorpion]
  4697 | D:4      | Learned a level 4 spell: Olgreb's Toxic Radiance
  5072 | D:4      | Found Ikaukh's Magic Scroll Boutique.
  5080 | D:4      | Bought a scroll of noise for 13 gold pieces
  5080 | D:4      | Bought a scroll of magic mapping for 45 gold pieces
  5080 | D:4      | Bought a scroll of amnesia for 45 gold pieces
  5080 | D:4      | Bought a scroll of blinking for 97 gold pieces
  5080 | D:4      | Bought a scroll of identify for 26 gold pieces
  5080 | D:4      | Bought a scroll of identify for 26 gold pieces
  5099 | D:4      | Found a shadowy altar of Dithmenos.
  5186 | D:4      | Reached XP level 7. HP: 46/46 MP: 7/13
  5194 | D:4      | Learned a level 5 spell: Venom Bolt
  5761 | D:5      | Entered Level 5 of the Dungeon
  5950 | D:5      | Noticed Grinder
  5993 | D:5      | Found a staircase to the Ecumenical Temple.
  6032 | D:5      | Killed Grinder
  6072 | Temple   | Entered the Ecumenical Temple
  6085 | Temple   | Became a worshipper of Vehumet
  6136 | D:5      | Reached skill level 1 in Air Magic
  6143 | D:5      | Got a faintly humming plate armour
  6154 | D:5      | Identified the +7 plate armour of Listlessness {rC+ Slay+2} (You found it on level 5 of the Dungeon)
  6950 | D:6      | Reached XP level 8. HP: 52/52 MP: 14/14
  6995 | D:6      | Noticed Pikel
  7007 | D:6      | Killed Pikel
  7106 | D:6      | Found Obezatakh's Armour Boutique.
  7306 | D:6      | Noticed Menkaure
  7315 | D:6      | Killed Menkaure
  7513 | D:6      | Reached skill level 10 in Poison Magic
  7985 | D:6      | Noticed Duvessa
  7985 | D:6      | Noticed Dowan
  8001 | D:6      | Killed Dowan
  8023 | D:6      | Killed Duvessa
  8023 | D:6      | Gained mutation: A demonic guardian rushes to your aid. [demonic ancestry]
  8023 | D:6      | Reached XP level 9. HP: 50/57 MP: 14/15
  8199 | D:6      | Reached skill level 5 in Conjurations
  8385 | D:6      | Reached * piety under Vehumet
  8385 | D:6      | Offered knowledge of Sandblast by Vehumet.
 11510 | D:8      | Noticed WhatIsLove's ghost (novice TeCj)
 11565 | D:8      | Reached ** piety under Vehumet
 11569 | D:8      | Killed WhatIsLove's ghost
 11569 | D:8      | Offered knowledge of Shock by Vehumet.
 11839 | D:8      | Reached XP level 10. HP: 44/63 MP: 16/16
 12938 | D:8      | Noticed a two-headed ogre
 12942 | D:8      | Killed a two-headed ogre
 12942 | D:8      | Reached skill level 10 in Conjurations
 13132 | D:8      | Found a staircase to the Lair.
 13211 | D:8      | Reached skill level 1 in Fighting
 13406 | D:8      | Noticed a two-headed ogre
 13417 | D:8      | Killed a two-headed ogre
 13770 | D:8      | Noticed a two-headed ogre
 13775 | D:8      | Killed a two-headed ogre
 13775 | D:8      | Reached skill level 5 in Fighting
 13782 | D:8      | Reached skill level 1 in Shields
 13821 | D:8      | Noticed a three-headed hydra
 13834 | D:8      | Killed a three-headed hydra
 14062 | D:9      | Reached skill level 5 in Shields
 14121 | D:9      | Noticed a two-headed ogre
 14121 | D:9      | Offered knowledge of Dazzling Spray by Vehumet.
 14128 | D:9      | Killed a two-headed ogre
 14128 | D:9      | Gained mutation: You have very sharp fingernails. [demonic ancestry]
 14128 | D:9      | Reached XP level 11. HP: 79/79 MP: 17/17
 14461 | D:9      | Learned a level 3 spell: Dazzling Spray
 14576 | D:9      | Reached *** piety under Vehumet
 14644 | D:9      | Found a staircase to the Orcish Mines.
 15032 | D:9      | Noticed Maurice
 15037 | D:9      | Killed Maurice
 15037 | D:9      | Reached skill level 5 in Dodging
 15306 | D:10     | Entered Level 10 of the Dungeon
 15362 | D:10     | Noticed a cyan ugly thing
 15394 | D:10     | Got a fine robe
 15405 | D:10     | Identified the +2 robe of Gehenna {Dex+3} (You found it on level 10 of the Dungeon)
 15486 | D:10     | Offered knowledge of Ignite Poison by Vehumet.
 15530 | D:10     | Learned a level 3 spell: Ignite Poison
 15766 | D:10     | Reached skill level 1 in Fire Magic
 16142 | D:10     | Killed an unseen horror
 16686 | D:10     | Killed a cyan ugly thing
 16701 | D:10     | Reached **** piety under Vehumet
 17419 | D:11     | Reached skill level 5 in Fire Magic
 17594 | D:11     | Slain by a wraith

Vault maps used:
D:1:      minmay_arrival_cross
D:4:      mumra_celtic_spiral_tile, serial_shops, shop_fountains,
          minmay_hedge_maze, nicolae_dithmenos_shadow_blocks
D:5:      first_bread, uniq_grinder
D:6:      kennysheep_windowed_goal, uniq_pikel, uniq_menkaure, uniq_duvessa
D:8:      lair_entry_dummy, hangedman_ranch
D:9:      david_orc_1_choice, uniq_maurice
D:11:     serial_shops, shop, serial_bayou_crossing
Temple:   grunt_wide_crystal_templ

Skill      XL: |  1  2  3  4  5  6  7  8  9 10 11 |
---------------+----------------------------------+-----
Conjurations   | 2 4 9 10 | 10.2
Poison Magic   | 4 5 6 8 10 | 10.0
Spellcasting   | 4 |  4.3
Air Magic      | 2 |  2.1
Fighting       | 5 |  5.1
Shields        | 5 |  5.0
Dodging        | 3 5 |  5.1
Stealth        | 2 |  2.5
Fire Magic     | 5 |  5.1

Action                   |  1- 3 |  4- 6 |  7- 9 | 10-12 || total
-------------------------+-------+-------+-------+-------++-------
Melee: Unarmed           |     9 |       |       |       ||     9
       Hand axe          |    68 |    94 |       |       ||   162
       Long sword        |       |       |    29 |       ||    29
       Falchion          |       |       |    20 |       ||    20
       Halberd           |       |       |    47 |       ||    47
       Whip              |       |       |   301 |   295 ||   596
Throw: Javelin           |       |     2 |    15 |    12 ||    29
 Cast: Sting             |    44 |    40 |     8 |       ||    92
       Poisonous Vapours |       |     1 |       |       ||     1
       Mephitic Cloud    |       |     1 |    15 |     5 ||    21
       Olgreb's Toxic Ra |       |       |    29 |    33 ||    62
       Venom Bolt        |       |       |     2 |    14 ||    16
       Dazzling Spray    |       |       |       |    22 ||    22
       Ignite Poison     |       |       |       |     3 ||     3
Evoke: Wand              |       |       |     1 |     4 ||     5
  Use: Scroll            |     1 |     8 |     5 |     8 ||    22
       Potion            |     1 |       |     4 |     6 ||    11
 Stab: Sleeping          |       |     4 |     2 |     1 ||     7
       Confused          |       |       |     2 |       ||     2
       Distracted        |       |       |     2 |       ||     2
       Invisible         |       |       |       |     1 ||     1
  Eat: Chunk             |     5 |    18 |    29 |    40 ||    92
Armor: Robe              |    16 |    22 |    86 |    64 ||   188
Dodge: Dodged            |    66 |    77 |   241 |   192 ||   576
       Rpst.: Long sword |       |       |     7 |       ||     7
       Falchion          |       |       |     2 |       ||     2
